AoeStats
← Leão

African Clearing

505564323Analyzed
3v3 RM · 22d ago on Sep 10, 2026· 36m 20s· 6 players
Game mode
Random Map
Map size
Normal (6 player)
Population
200
Speed
Normal
Resources
Standard
Victory
Conquest
Starting age
Dark Age
Ending age
Imperial Age
RankedLock teamsTeams togetherTeam positionsShared explorationLock speedFull tech treeHidden civsTurbo modeCheats
Victory
Defeat
🇧🇷 Muisca · Brazil
1367
+12
🇦🇷 Mapuche · Argentina
1333
+13
🇧🇷 Huns · Brazil
1300
+14
🇧🇷 Saracens · Brazil
1307
-15
🇧🇷 Italians · Brazil
1297
-14
🇧🇷 Mongols · Brazil
1192
-10
MALAJUNTA
6:01 Loom
12:20 Feudal Age
14:16 Town Watch
15:18 Double-Bit Axe
17:55 Fletching
24:24 Castle Age
23:49 Padded Archer Armor
25:28 Bow Saw
26:50 Bodkin Arrow
31:09 Ballistics
31:41 Wheelbarrow
32:01 Leather Archer Armor
34:14 Malon
36:03 Hand Cart
EnxameRTS
6:55 Loom
13:08 Feudal Age
14:21 Double-Bit Axe
19:22 Castle Age
17:45 Horse Collar
20:33 Bow Saw
21:16 Gold Mining
21:34 Scale Mail Armor
21:45 Forging
23:59 Squires
26:38 Chain Mail Armor
28:24 Forging
28:30 Fervor
29:25 Wheelbarrow
31:04 Iron Casting
30:35 Fletching
31:37 Heavy Plow
33:43 Bodkin Arrow
34:15 Fishing Lines
Jackzedd
4:11 Loom
11:31 Feudal Age
12:10 Double-Bit Axe
14:04 Forging
20:32 Castle Age
20:39 Bloodlines
20:37 Scale Barding Armor
23:02 Horse Collar
27:09 Chain Barding Armor
30:22 Husbandry
33:56 Gold Mining
35:21 Iron Casting
Leão
6:59 Loom
13:56 Feudal Age
15:35 Double-Bit Axe
19:24 Fletching
19:58 Town Watch
22:43 Castle Age
20:44 Stone Mining
22:25 Padded Archer Armor
32:34 Bow Saw
32:33 Bodkin Arrow
[RZ] rj.renan
11:58 Loom
13:52 Feudal Age
20:05 Castle Age
26:23 Double-Bit Axe
26:48 Fletching
[Rz] TK_puxa
13:27 Feudal Age
12:42 Loom
17:11 Castle Age
15:50 Double-Bit Axe
16:38 Gold Mining
18:29 Bow Saw
23:07 Scale Barding Armor
24:06 Husbandry
24:56 Bloodlines
25:56 Forging
27:22 Iron Casting
27:45 Stone Mining
30:56 Gold Shaft Mining
31:39 Wheelbarrow
32:28 Horse Collar
34:14 Chain Barding Armor
34:51 Fletching
Connection lost

Rejoining the realm…

Still unreachable

The connection could not be restored.

Session expired

The server has moved on; the page needs a fresh start.